Cogmind - Beta 9.6 @@@ ROGUE MODE // 2020.08.28 @ 23:30:10 Player: kerapace Result: Destroyed by as-42518 with Assembled F-torch Performance ------------- Evolutions (1) 500 Regions Visited (5) 1000 Robots Destroyed (54) 270 Value Destroyed (884) 884 Prototype IDs (4) 80 Alien Tech Used (0) 0 Bonus (-27) -27 TOTAL SCORE: 2707 Bonus ------- Friendly Fire -27 Cogmind --------- Core Integrity 0/400 Matter 111/300 Energy 80/100 System Corruption 6% Temperature Cool (54) Movement Hovering (220) Ox2 Location -9/Exiles Parts ------- > --- POWER (1) -------- (None) > --- PROPULSION (3) --- Combat Airjet > --- UTILITY (3) ------ Large Storage Unit High-capacity Storage Unit > --- WEAPON (2) ------- (None) > --- INVENTORY (18) --- Fission Core Large Storage Unit High-capacity Matter Pod (200) Visual Processing Unit Medium Armor Plating Autogun Autogun Autogun Autogun Autogun Autogun Autogun Rocket Launcher Mining Claw Peak State ------------ > --- POWER ------------ Ion Engine > --- PROPULSION ------- Compact Wheel Combat Airjet > --- UTILITY ---------- Large Storage Unit High-capacity Storage Unit Medium Armor Plating > --- WEAPON ----------- Autogun Autogun > --- INVENTORY -------- Large Storage Unit High-capacity Matter Pod Visual Processing Unit Medium Armor Plating Light EM Pulse Cannon Light EM Pulse Cannon Autogun Autogun Autogun Autogun Autogun Rocket Launcher Rocket Launcher Mining Claw [Rating: 17] Favorites ----------- Power Light Ion Engine Engine Light Ion Engine Propulsion Light Treads Treads Light Treads Wheel Compact Wheel Hover Unit Combat Airjet Utility Large Storage Unit Storage Large Storage Unit Protection Medium Armor Plating Weapon Autogun Energy Gun Improved Medium Laser Energy Cannon Beam Cannon Ballistic Gun Autogun Ballistic Cannon Light Cannon Launcher Rocket Launcher Build | -11 -10 -10 -9 -9 -9 ------- Run | Scr Mat Min Mat Min Exi Slots Evolved 2 | . . . 2 . . Power . | . . . . . . Propulsion 1 | . . . 1 . . Utility 1 | . . . 1 . . Weapon . | . . . . . . Parts Attached 39 | 6 7 1 12 9 4 Power 4 | 1 . 1 1 1 . Engine 4 | 1 . 1 1 1 . Core . | . . . . . . Reactor . | . . . . . . Propulsion 9 | 2 2 . 3 1 1 Treads 5 | 1 1 . 3 . . Leg . | . . . . . . Wheel 2 | 1 1 . . . . Hover 2 | . . . . 1 1 Flight . | . . . . . . Utility 6 | 1 2 . 2 1 . Device . | . . . . . . Storage 3 | 1 2 . . . . Processor . | . . . . . . Hackware . | . . . . . . Protection 3 | . . . 2 1 . Artifact . | . . . . . . Weapon 20 | 2 3 . 6 6 3 Energy Gun 1 | . . . 1 . . Energy Cannon 7 | . 2 . . 3 2 Ballistic Gun 9 | 2 . . 5 2 . Ballistic Cannon 1 | . 1 . . . . Launcher 2 | . . . . 1 1 Special Weapon . | . . . . . . Impact Weapon . | . . . . . . Slashing Weapon . | . . . . . . Piercing Weapon . | . . . . . . Special Melee Weapon . | . . . . . . Unidentified Prototypes 2 | . . . 2 . . Parts Lost 17 | . 5 . 1 5 6 Power 3 | . 1 . . 1 1 Propulsion 5 | . 2 . . 2 1 Utility 3 | . . . 1 1 1 Weapon 6 | . 2 . . 1 3 Highest Loss Streak 6 | . 5 . 1 3 6 Average Slot Usage (%) 91 | . 89 97 97 89 55 Engine 10 | . 10 11 11 11 11 Treads 15 | . 13 14 22 11 . Wheel 12 | . 13 14 11 11 11 Storage 23 | . 24 28 22 22 22 Protection 6 | . . . 9 11 10 Energy Cannon 4 | . 6 14 1 2 . Ballistic Gun 14 | . 17 . 18 18 . Ballistic Cannon 3 | . 2 14 1 . . Naked Turns . | . . . . . . Heaviest Build 70 | 10 56 57 68 70 64 Greatest Support 40 | 20 20 16 40 22 16 Greatest Overweight (x) 4 | 2 3 3 3 4 3 Average Overweight (x) 2 | . 1 3 2 3 3 Largest Inventory Capacity 18 | 6 18 18 18 18 18 Average Capacity 16 | 5 12 18 18 18 18 Most Carried 18 | 3 13 14 18 18 18 Average Carried 14 | 1 6 13 17 16 17 Final Capacity 18 | 6 18 18 18 18 18 Final Carried 18 | 3 13 14 18 15 14 Class Distribution -------------------- 100% | Mutant Dominant Class ---------------- Mutant | -10/Materials Mutant | -10/Mines Mutant | -9/Materials Mutant | -9/Mines Mutant | -9/Exiles Resources | -11 -10 -10 -9 -9 -9 ----------- Run | Scr Mat Min Mat Min Exi Matter Collected 1192 | 212 247 48 626 59 . Remotely . | . . . . . . Salvage Created 1327 | . 330 13 716 208 60 Parts 83 | . 20 1 57 3 2 Haulers Intercepted 3 | . . . 3 . . Recyclers Shooed 2 | . . . 2 . . Parts Field Recycled . | . . . . . . Retrieved Matter . | . . . . . . Parts Self-Destructed . | . . . . . . Prevented . | . . . . . . Kills | -11 -10 -10 -9 -9 -9 ------- Run | Scr Mat Min Mat Min Exi Combat Hostiles Destroyed 46 | . 11 . 16 17 2 Guns 26 | . 9 . 16 1 . Cannons 6 | . 2 . . 4 . AOE 14 | . . . . 12 2 Classes Destroyed 11 | . 2 1 5 3 . Worker 1 | . . . 1 . . Tunneler 1 | . . 1 . . . Hauler 3 | . . . 3 . . Recycler 1 | . . . . 1 . Watcher 2 | . . . 2 . . Swarmer 10 | . 5 . 5 . . Grunt 14 | . 6 . 8 . . Duelist 1 | . . . 1 . . Sentry 2 | . . . 2 . . Demolisher 2 | . . . . 2 . Assembled 17 | . . . . 15 2 Best Kill Streak 18 | . 4 1 5 18 2 Combat Bots Only 17 | . 4 . 3 17 2 Max Kills in Single Turn 3 | . 1 1 2 3 2 Gunslinging 1 | . . . 1 . . Exploded 3 | . . . . 3 2 Melee . | . . . . . . Uniques/NPCs Destroyed . | . . . . . . Combat | -11 -10 -10 -9 -9 -9 -------- Run | Scr Mat Min Mat Min Exi Damage Taken 2805 | . 663 . 437 1231 474 Core 561 | . 156 . 82 215 108 Absorbed by Shields . | . . . . . . Core Remaining (%) 68 | 100 . 37 . . . Volleys Fired 110 | . 35 2 51 19 3 Largest 2 | . 2 2 2 2 2 Hottest 112 | . 80 95 95 112 89 Shots Fired 207 | . 66 4 102 30 5 Gun 153 | . 51 . 98 4 . Cannon 43 | . 15 4 4 17 3 Launcher 11 | . . . . 9 2 Special . | . . . . . . Kinetic 157 | . 51 2 100 4 . Thermal 19 | . 15 2 2 . . Explosive 11 | . . . . 9 2 Electromagnetic 20 | . . . . 17 3 Robot Hit Streak 24 | . 10 5 24 6 2 Robot Miss Streak 5 | . 5 . 2 4 1 Penetration Max . | . . . . . . Secondary Targets 6 | . 2 . 4 . . Max Gunslinging Chain 1 | . 1 . 1 . . Shots Hit Robots 140 | . 42 4 76 15 3 Core Hits 92 | . 19 1 31 31 10 Critical Hits 1 | . . . 1 . . Critical Kills 1 | . . . 1 . . Critical Parts Destroyed . | . . . . . . Melee Attacks . | . . . . . . Impact . | . . . . . . Slashing . | . . . . . . Piercing . | . . . . . . Sneak Attacks . | . . . . . . Combat Hostiles . | . . . . . . Follow-up Attacks . | . . . . . . Damage Inflicted 2912 | . 495 69 1150 892 306 Guns 1517 | . 353 . 1132 32 . Cannons 524 | . 142 69 18 252 43 Explosions 871 | . . . . 608 263 Melee . | . . . . . . Ramming . | . . . . . . Kinetic 1551 | . 353 34 1132 32 . Thermal 195 | . 142 35 18 . . Explosive 871 | . . . . 608 263 Electromagnetic 295 | . . . . 252 43 Impact . | . . . . . . Slashing . | . . . . . . Piercing . | . . . . . . Highest Corruption 6 | . . . . 6 6 Average Corruption 6 | . . . . 6 6 Corruption Purged . | . . . . . . Effects 6 | . . . . 1 5 Message Errors 1 | . . . . . 1 Matter Fused 3 | . . . . . 3 Heat Flow Errors 1 | . . . . 1 . Data Loss (minor) 1 | . . . . . 1 Overload Shots . | . . . . . . Overflow Damage 15 | . . . . . 15 Projectiles . | . . . . . . Explosions 15 | . . . . . 15 Melee . | . . . . . . Knockbacks 1 | . . 1 . . . Impact . | . . . . . . Kinetic 1 | . . 1 . . . Secondary . | . . . . . . Self-Inflicted Damage 39 | . . . . 39 . Shots 2 | . . . . 2 . Rammed . | . . . . . . Targets Rammed . | . . . . . . Kicked . | . . . . . . Crushed . | . . . . . . Highest Temperature 397 | . 246 33 48 397 34 Average Temperature 80 | . 87 16 10 184 20 Received Heat Transfer 470 | . 147 . 123 180 20 Effects 4 | . . . . 4 . Shutdowns 1 | . . . . 1 . Interference 2 | . . . . 2 . Short Circuit 1 | . . . . 1 . Siege Activations . | . . . . . . Robots Corrupted . | . . . . . . Combat Hostiles . | . . . . . . Parts Fried . | . . . . . . Impact Corruptions . | . . . . . . Robots Melted . | . . . . . . Combat Hostiles . | . . . . . . Parts Melted . | . . . . . . Heat Transferred 407 | . 296 74 37 . . Parts Sabotaged . | . . . . . . Parts Stolen . | . . . . . . Parts Stripped . | . . . . . . Power Chain Reactions . | . . . . . . Missiles Intercepted . | . . . . . . Alert | -11 -10 -10 -9 -9 -9 ------- Run | Scr Mat Min Mat Min Exi Peak Influence 304 | . 230 12 304 173 . Average Influence 116 | . 136 12 151 125 . Maximum Alert Level 1 | . 1 . 1 . . Low Security (%) 78 | 100 60 100 67 100 . Level 1 21 | . 39 . 32 . . Level 2 . | . . . . . . Level 3 . | . . . . . . Level 4 . | . . . . . . Level 5 . | . . . . . . High Security . | . . . . . . Max Security . | . . . . . . Squads Dispatched 2 | . 1 . 1 . . Investigation 1 | . . . 1 . . Extermination . | . . . . . . Reinforcement 1 | . 1 . . . . Assault . | . . . . . . Garrison . | . . . . . . Intercept . | . . . . . . Construction Impeded . | . . . . . . Haulers Reinforced . | . . . . . . Stealth | -11 -10 -10 -9 -9 -9 --------- Run | Scr Mat Min Mat Min Exi Distress Signals 1 | . . . 1 . . Communications Jammed . | . . . . . . Distress Signals . | . . . . . . Times Spotted 60 | . 14 . 20 17 9 Peak Tracking Total 12 | . 5 . 4 10 12 Tactical Retreats 1 | . . . . . 1 Traps | -11 -10 -10 -9 -9 -9 ------- Run | Scr Mat Min Mat Min Exi Traps Triggered 1 | . . . 1 . . Indirectly . | . . . . . . Trap Hack Attempts . | . . . . . . Triggered . | . . . . . . Disarmed . | . . . . . . Reprogrammed . | . . . . . . Reused . | . . . . . . Traps Extracted . | . . . . . . Installed . | . . . . . . Triggered . | . . . . . . Machines | -11 -10 -10 -9 -9 -9 ---------- Run | Scr Mat Min Mat Min Exi Machines Disabled 3 | . . . . . 3 Max in Single Turn 2 | . . . . . 2 Machines Sabotaged . | . . . . . . Garrisons Compromised . | . . . . . . Overloaded Fab Kills . | . . . . . . Fab Network Shutdowns . | . . . . . . Hacking | -11 -10 -10 -9 -9 -9 --------- Run | Scr Mat Min Mat Min Exi Machines Accessed 4 | . 2 . 2 . . Terminals 4 | . 2 . 2 . . Fabricators . | . . . . . . Repair Stations . | . . . . . . Recycling Units . | . . . . . . Scanalyzers . | . . . . . . Garrison Access . | . . . . . . Total Hacks 5 | . 3 . 2 . . Successful 1 | . 1 . . . . Failed 4 | . 2 . 2 . . Catastrophic 1 | . . . 1 . . Database Lockouts . | . . . . . . Manual 3 | . 1 . 2 . . Terminals 5 | . 3 . 2 . . Fabricators . | . . . . . . Repair Stations . | . . . . . . Recycling Units . | . . . . . . Scanalyzers . | . . . . . . Garrison Access . | . . . . . . Terminal Hacks 1 | . 1 . . . . Prototype ID Bank 1 | . 1 . . . . Fabricator Hacks . | . . . . . . Repair Station Hacks . | . . . . . . Recycling Unit Hacks . | . . . . . . Scanalyzer . | . . . . . . Garrison Access Hacks . | . . . . . . Unauthorized Hacks . | . . . . . . Terminals . | . . . . . . Fabricators . | . . . . . . Repair Stations . | . . . . . . Recycling Units . | . . . . . . Scanalyzers . | . . . . . . Garrison Access . | . . . . . . Data Cores Recovered . | . . . . . . Used . | . . . . . . Hacking Detections 3 | . 1 . 2 . . Full Trace Events . | . . . . . . Feedback Events . | . . . . . . Feedback Blocked . | . . . . . . Robot Schematics Acquired . | . . . . . . Robots Built . | . . . . . . Matter . | . . . . . . Time . | . . . . . . Total Robot Build Rating . | . . . . . . Part Schematics Acquired . | . . . . . . Parts Built . | . . . . . . Matter . | . . . . . . Time . | . . . . . . Total Part Build Rating . | . . . . . . Parts Repaired . | . . . . . . Time . | . . . . . . Parts Recycled . | . . . . . . Recycled Matter . | . . . . . . Retrieved Matter . | . . . . . . Retrieved Components . | . . . . . . Parts Scanalyzed . | . . . . . . Part Schematics Acquired . | . . . . . . Parts Damaged . | . . . . . . Bothacking | -11 -10 -10 -9 -9 -9 ------------ Run | Scr Mat Min Mat Min Exi Used RIF Installer . | . . . . . . Robots Hacked . | . . . . . . Non-combat . | . . . . . . Combat . | . . . . . . Robot Hacks Applied . | . . . . . . Relay Couplers Released . | . . . . . . Robots Rewired . | . . . . . . Allies Hacked . | . . . . . . Hacks Repelled . | . . . . . . Allies | -11 -10 -10 -9 -9 -9 -------- Run | Scr Mat Min Mat Min Exi Total Allies . | . . . . . . Largest Group . | . . . . . . Highest-Rated Group . | . . . . . . Highest-Rated Ally . | . . . . . . Total Orders . | . . . . . . Ally Attacks . | . . . . . . Total Damage . | . . . . . . Kills . | . . . . . . Allies Corrupted . | . . . . . . Allies Melted . | . . . . . . Intel | -11 -10 -10 -9 -9 -9 ------- Run | Scr Mat Min Mat Min Exi Robot Analysis Total . | . . . . . . Derelict Logs Recovered 1 | . . 1 . . . Drone Launches . | . . . . . . Drone Recoveries . | . . . . . . Exploration | -11 -10 -10 -9 -9 -9 ------------- Run | Scr Mat Min Mat Min Exi Turns Passed 1951 | 65 407 269 720 349 141 Spaces Moved 1149 | 51 233 201 363 203 98 Core 7 | 7 . . . . . Treads 166 | 2 27 . 137 . . Legs . | . . . . . . Wheels 975 | 42 206 201 226 202 98 Hover 1 | . . . . 1 . Flight . | . . . . . . Fastest Speed 50 | 50 100 130 130 140 130 Average Speed 135 | 104 121 130 148 140 130 Slowest Speed 225 | 160 180 130 180 225 130 Overloaded Moves . | . . . . . . Propulsion Burnouts . | . . . . . . Robots Hopped . | . . . . . . Cave-ins Triggered 2 | . . . . 2 . Exploration Rate (%) 43 | 4 56 56 41 54 47 Regions Visited 5 Branch Regions 3 Pre-discovered Areas . | . . . . . . Known Exits Taken 1 | . . 1 . . . Unknown Exits Taken 4 | 1 1 . 1 1 . Scrap Searched 1 | . . 1 . . . Spaces Dug . | . . . . . . Terrain Destroyed 74 | . . . . 69 5 Melee . | . . . . . . Projectile . | . . . . . . AOE 74 | . . . . 69 5 Actions | -11 -10 -10 -9 -9 -9 --------- Run | Scr Mat Min Mat Min Exi Total 1373 | 59 292 204 474 236 108 Wait 19 | . 5 . 11 3 . Move 1144 | 50 232 200 362 202 98 Hop . | . . . . . . Pick Up 37 | 3 13 1 18 1 1 Fast Attach 14 | 6 1 1 6 . . Attach 15 | . 4 . 3 4 4 Detach 3 | . . . . 1 2 Swap 10 | . 2 . 3 5 . Drop 21 | . . . 20 1 . Fire 110 | . 35 2 51 19 3 Melee . | . . . . . . Ram . | . . . . . . Kick . | . . . . . . Crush . | . . . . . . Escape Stasis . | . . . . . . Rewire . | . . . . . . Trap . | . . . . . . Miscellaneous . | . . . . . . Route ------- -11/Scrapyard -10/Materials (discovered 2 exits: *Mat / [*Min]) -10/Mines (discovered 2 exits: *Mat x2) -9/Materials -9/Mines (discovered 2 exits: [*Mat] / [*Exi]) -9/Exiles History --------- Turn | Location | Event 21 | -11/Scrapyard | Discovered new exit (range 15) 66 | -11/Scrapyard | Entered Materials 113 | -10/Materials | Discovered new exit (range 6) 193 | -10/Materials | Discovered new exit (range 11) 310 | -10/Materials | Build established: Mutant 321 | -10/Materials | Core integrity fell below 50% 393 | -10/Materials | Lost 5 parts (1p2n2w) 473 | -10/Materials | Entered Mines 590 | -10/Mines | Discovered new exit (range 5) 634 | -10/Mines | Identified exit to Materials 742 | -10/Mines | Entered Materials 742 | -9/Materials | Evolved 2 slots: Propulsion x1, Utility x1 1394 | -9/Materials | Discovered new exit (range 9) 1462 | -9/Materials | Entered Mines 1596 | -9/Mines | Assembled infested the area 1631 | -9/Mines | Received a Rocket Launcher from a helpful Derelict 1670 | -9/Mines | Lost 3 parts (1n1u1w) 1673 | -9/Mines | Crushed by falling debris 1673 | -9/Mines | Core integrity fell below 50% 1686 | -9/Mines | Crushed by falling debris 1692 | -9/Mines | Destroyed 17 combat bots 1744 | -9/Mines | Discovered new exit (range 11) 1805 | -9/Mines | Deemed a non-threat by the Exiles lab entrance 1805 | -9/Mines | Discovered new exit (range 5) 1811 | -9/Mines | Entered Exiles 1846 | -9/Exiles | Met 8R-AWN 1867 | -9/Exiles | Met EX-HEX 1903 | -9/Exiles | Met EX-BIN 1919 | -9/Exiles | Met EX-DEC 1940 | -9/Exiles | Attacked by the Exiles 1944 | -9/Exiles | Core integrity fell below 20% 1952 | -9/Exiles | Destroyed by as-42518 with Assembled F-torch Last Messages --------------- EX-DEC: Ah I see we have a visitor. One wrong move in here and I'll invert your atomic chain! 01921_ EX-DEC: "Oops, I hope HEX didn't hear that..." 01939_ XBW3DGKZL9N9U DLRHQNUFDS FSBBQO&R445RVN 01939_ A-02 Transporter destroyed. 01940_ EXILES: Hostile robot within lab perimeter. Defensive protocols time, folks! 01942_ EX-DEC deploys DAS Turret. 01942_ Lgt. EM Pulse Cannon destroyed. 01947_ Med. Armor Plating destroyed. 01949_ Destroyed Asb. Hover Unit. 01949_ Machine disabled. 01949_ as-41607 destroyed. 01949_ Machine disabled. 01949_ as-88372 destroyed. 01949_ Lgt. EM Pulse Cannon destroyed. 01951_ Rocket Launcher destroyed. 01951_ Ion Engine destroyed. 01951_ Com. Wheel destroyed. 01951_ Knocked back. Map ----- +----------------------------------------------------+ | ?????????????????????????#" ???????????????? | | ??????????? ?????????????#" "????????????????? | | ???????????" ??????????##" #?????????????????? | | ???????????# ?????????##"" #?????????????????? | | ?????????### ##??######"" #?????????????????? | | ?????#####X# #"###""""""" ##????????????????? | | ???? """""" " "" ##???###########?? | | ??? "" """ " #####"""""""""##? | | ??? " " " """ """"## | | ?? "" " # | | ?? " """# | | ?? " "# | | ??# " "# | | ???#" "" | | ???#""" """""" " | | ???#" ######""" | | ???"" ""##????#####""" | | ??#""" """##?????????##""" | | ??""" """##???????????#"""" | | ??""" ""#????????????#"" | | ??"" ########?#####"""" | | ??""" ##aa%## #""" | | ??"" ! z | | ??#"" c | | ???"""" a | | ???# @ a a a " | | ???#" " a " """ | | ???#"""" ""# " ""#" | | ???#"" ""#### ### ## ""?"???#"""""" | | ????" """"##??? #??????????????###### | | ????""" """#????? #???????????????????? | | ????? ""##????? ???????????????????? | | ?????"" """##??????? ??????????????????? | | ??????""" #????????? "?????????????????? | | ????????""" #???????????!"#????????????????? | | ????????? ????????????###????????????????? | | ?????????#### #???????????????????????????????? | | ????????????## ????????????????????????????????? | | ?????????????? ????????????????????????????????? | | ?????????????????????????????????????????????????? | | ?????????????????????????????????????????????????? | | ?????????????????????????????????????????????????? | | ?????????????????????????????????????????????????? | | ?????????????????????????????????????????????????? | | ?????????????????????????????????????????????????? | | ?????????????????????????????????????????????????? | | ?????????????????????????????????????????????????? | | ?????????????????????????????????????????????????? | | ?????????????????????????????????????????????????? | | ?????????????????????????????????????????????????? | +----------------------------------------------------+ Best States ------------- Heat Dissipation 28 Energy Generation 12 Energy Capacity 265 Matter Stores 300 Matter Capacity 300 Sight Range 16 Terrain Scan Density 10 Armor Coverage 225 Evasion (%) 40 Recoil Reduction 2 Item Schematics ----------------- None Robot Schematics ------------------ None Fabricated ------------ Nothing Alien Tech Used ----------------- None Achievements -------------- None Challenges ------------ None Game ------ Seed EnhancedGaussHumpback Manual? 0 Play Time 00:19:49 Cumulative 376.3 hours Start 2020.08.28 @ 23:11:19 End 2020.08.28 @ 23:30:10 Sessions 1 Manual Loads 0 Difficulty Rogue Special Mode None Game No. 282 Rogue 282 Adventurer 0 Explorer 0 Win Type - Total 11 Types 10/0/0/1/0/0/0 Lore% 78 Gallery% 77 Achievement% 64 Wizard Run 0 Options --------- ASCII 0 Keyboard 0 Movement Arrows Keybinds 0 Fullscreen 0 Font 16/SmallcapsGlow Map View 76x50 Tactical HUD 1 Map Filters NONE Filters NONE Steam 1 RUN: 9a1deab0-7bbf-4dbb-89b5-8aa14a7adec6